 Dungeon Crawl Stone Soup version 0.31-a0-889-g1a8549509d (webtiles) character file.

Game seed: 15855418559033374685

1917 Scypho the Cleaver (level 8, -3/60 (64) HPs)
             Began as a Minotaur Fighter on Oct 16, 2023.
             Was a Follower of Makhleb.
             Killed by divine providence
             ... invoked by Jeremiah
              (11 damage)
             ... on level 6 of the Dungeon.
             The game lasted 00:20:09 (4733 turns).

Scypho the Cleaver (Minotaur Fighter)               Turns: 4733, Time: 00:20:10

HP:   -3/60 (64)    AC: 22    Str: 26    XL:     8   Next: 95%
MP:   20/20         EV:  6    Int:  5    God:    Makhleb [*.....]
Gold: 291           SH: 10    Dex: 13    Spells: 7/7 levels left

rFire   . . .        a - +1 war axe
rCold   . . .        c - +0 buckler
rNeg    . . .        f - +9 plate armour of Mysticism {+Blink MP+9}
rPois   .            (helmet restricted)
rElec   .            (no cloak)
rCorr   .            d - +0 pair of gloves
SInv    .            e - +0 pair of boots
Will    .....        v - amulet of reflection Stlth
                     n - +6 ring of strength
HPRegen 0.30/turn    (no ring)
MPRegen 0.17/turn

%: reflection
@: drained
A: horns 2, retaliatory headbutt
a: Renounce Religion, Evoke Blink


You were on level 6 of the Dungeon.
You worshipped Makhleb.
Makhleb was aware of your devotion.
You visited 1 branch of the dungeon, and saw 6 of its levels.
You also visited: Sewer.

You collected 291 gold pieces.

Inventory:

Hand Weapons
 a - a +1 war axe (weapon)
Armour
 c - a +0 buckler (worn)
 d - a +0 pair of gloves (worn)
 e - a +0 pair of boots (worn)
 f - the +9 plate armour of Mysticism (worn) {+Blink MP+9}
   (You found it on level 4 of the Dungeon)

   MP+9:      It affects your magic capacity (+9).
   +Blink:    It lets you blink.
Jewellery
 n - a +6 ring of strength (left hand)
 v - an amulet of reflection (around neck)
Wands
 o - a wand of light (13)
 s - a wand of flame (9)
Scrolls
 h - 2 scrolls of enchant weapon
 i - 3 scrolls of identify
 j - 6 scrolls of teleportation
 p - a scroll of revelation {unknown}
 q - a scroll of fog {unknown}
 t - a scroll of amnesia
 u - a scroll of vulnerability {unknown}
Potions
 b - a potion of degeneration {unknown}
 g - a potion of enlightenment
 l - 2 potions of brilliance
 m - a potion of mutation
 r - 2 potions of attraction


   Skills:
 - Level 3.6 Fighting
 * Level 12.3 Axes
 - Level 3.6 Armour
 - Level 3.6 Shields
 + Level 5.4 Invocations


You had 7 spell levels left.
You didn't know any spells.
Your spell library contained the following spells:

 Spells                   Type           Power      Damage    Failure   Level
 Necrotise                Necr           0%         1d4       100%        1
 Blink                    Tloc           0%         N/A       100%        2
 Lesser Beckoning         Tloc           0%         N/A       100%        2
 Momentum Strike          Conj/Tloc      0%         3d8       100%        2
 Sublimation of Blood     Necr           0%         N/A       100%        2
 Wereblood                Tmut           0%         N/A       100%        2
 Tukima's Dance           Hex            0%         N/A       100%        3
 Vampiric Draining        Necr           0%         2d6       100%        3
 Dimensional Bullseye     Hex/Tloc       0%         N/A       100%        4
 Iskenderun's Mystic Bla  Conj/Tloc      0%         2d3       100%        4
 Agony                    Necr           0%         N/A       100%        5
 Irradiate                Conj/Tmut      0%         3d11      100%        5
 Summon Hydra             Summ           0%         N/A       100%        7


Dungeon Overview and Level Annotations

Branches:
Dungeon (6/15)             Temple (0/1) D:4           Sewer (visited)

Altars:
Ashenzari
Fedhas
Makhleb
The Shining One

Shops:
D:2 =

Annotations:
D:6 Jeremiah


Innate Abilities, Weirdness & Mutations

You have a pair of horns on your head.
You reflexively headbutt those who attack you in melee.


Message History

You slash Jeremiah! Your headbutt misses Jeremiah. You slash the butterfly!
You kill the butterfly!
The butterfly disappears in a burst of colours!
You hit the butterfly.
You kill the butterfly!
The butterfly disappears in a burst of colours!
Jeremiah zaps a wand.
You struggle to resist.
You barely miss Jeremiah. You hit the butterfly.
You kill the butterfly!
The butterfly disappears in a burst of colours!
You barely miss the butterfly. You slash the butterfly!
You kill the butterfly!
The butterfly disappears in a burst of colours!
You block Jeremiah's attack.
You barely miss Jeremiah. You closely miss the butterfly.
You slash the butterfly!
You kill the butterfly!
The butterfly disappears in a burst of colours! x3
Jeremiah lets out a twisted cry.
Something smites you!
You slash Jeremiah! You slash the butterfly!
You kill the butterfly!
The butterfly disappears in a burst of colours!
You barely miss the butterfly. You block Jeremiah's attack.
You barely miss Jeremiah. You headbutt Jeremiah. You miss the butterfly.
The butterfly disappears in a burst of colours! x2
Jeremiah zaps a wand.
Your mind is blasted!
* * * LOW HITPOINT WARNING * * *
The butterfly disappears in a burst of colours!
Jeremiah mumbles a slurred invocation.
Something smites you!
* * * LOW HITPOINT WARNING * * *
There is an escape hatch in the ceiling here.
The butterfly disappears in a burst of colours! x2
Jeremiah lets out a twisted cry.
Something smites you!
You die...
Jeremiah asks, "Is it over?
Can I wake up now?"

.........##....##...#.###........
.......####....####.#..##........
..#....####....#...........##....
.###...##............# .....##...
..###...............## .
..###.#....b..b....###.##.
#....)#........###........
#....#[....b.b............
#....##.......bb@.........
..##....#.bb..Fb..........
.#####..#[.)..b..bb....... ##
#.............#.......
#.........b...##..##..
##>#........#b# ..# ..
##.#...#..##.. ...# ##.###..# ...
## ##


You could see Jeremiah.

Vanquished Creatures
  Sigmund (D:6)
  A steam dragon (D:5)
  Menkaure (D:5)
  An orc warrior (D:5)
  A sky beast (D:5)
  3 black bears
  An ogre (D:6)
  A phantom (D:5)
  6 scorpions
  2 howler monkeys (D:6)
  An orc priest (D:6)
  3 hounds
  Jessica (D:3)
  3 iguanas
  A hell rat (Sewer)
  2 orc wizards (D:6)
  7 adders
  A river rat (Sewer)
  A white imp (D:5)
  2 ufetubi (D:5)
  2 worms (D:4)
  3 dart slugs
  6 orcs
  4 endoplasms
  5 giant cockroaches
  11 goblins
  13 hobgoblins
  10 quokkas
  4 ball pythons
  6 bats
  5 frilled lizards
  7 kobolds
  9 rats
125 creatures vanquished.

Notes
Turn   | Place    | Note
-------+----------+-------------------------------------------
     0 | D:1      | Scypho the Minotaur Fighter began the quest for the Orb.
     0 | D:1      | Reached XP level 1. HP: 19/19 MP: 0/0
   144 | D:1      | Reached skill level 3 in Axes
   169 | D:1      | Reached XP level 2. HP: 26/26 MP: 1/1
   393 | D:1      | Reached skill level 4 in Axes
   604 | D:1      | Reached XP level 3. HP: 31/31 MP: 2/2
  1169 | D:2      | Found Ocruzin's Jewellery Shop.
  1361 | D:2      | Reached skill level 5 in Axes
  1860 | D:3      | Reached XP level 4. HP: 39/39 MP: 3/3
  1981 | D:3      | Noticed Jessica
  2104 | D:3      | Killed Jessica
  2148 | D:3      | Reached skill level 6 in Axes
  2148 | D:3      | Found a burning altar of Makhleb.
  2153 | D:3      | Became a worshipper of Makhleb the Destroyer
  2500 | D:4      | Identified the +9 plate armour of Mysticism {+Blink MP+9}
  2599 | D:4      | Found a blossoming altar of Fedhas.
  2683 | D:4      | Found a staircase to the Ecumenical Temple.
  2702 | D:4      | Reached XP level 5. HP: 29/45 MP: 4/4
  2917 | D:4      | Noticed a black bear
  2952 | D:4      | Reached skill level 7 in Axes
  2958 | D:4      | Found a glowing drain.
  2962 | Sewer    | Entered a sewer
  3094 | D:4      | Killed a black bear
  3095 | D:4      | Reached skill level 8 in Axes
  3095 | D:4      | Reached XP level 6. HP: 51/51 MP: 5/5
  3216 | D:5      | Entered Level 5 of the Dungeon
  3300 | D:5      | Reached skill level 1 in Invocations
  3493 | D:5      | Reached skill level 9 in Axes
  3493 | D:5      | Reached XP level 7. HP: 57/57 MP: 7/7
  3528 | D:5      | Reached * piety under Makhleb
  3533 | D:5      | Found a large runed translucent door.
  3534 | D:5      | Found a large runed translucent door.
  3542 | D:5      | Found a glowing golden altar of the Shining One.
  3550 | D:5      | Found a broken altar of Ashenzari.
  3550 | D:5      | Noticed a steam dragon
  3570 | D:5      | Killed a steam dragon
  3918 | D:6      | Noticed Menkaure
  3928 | D:5      | Killed Menkaure
  3929 | D:5      | Reached skill level 10 in Axes
  3934 | D:6      | Reached XP level 8. HP: 56/64 MP: 9/9
  4139 | D:6      | Reached skill level 11 in Axes
  4238 | D:6      | Noticed Sigmund
  4294 | D:6      | Noticed Jeremiah
  4442 | D:6      | Reached skill level 5 in Invocations
  4455 | D:5      | Reached skill level 12 in Axes
  4541 | D:6      | Killed Sigmund
  4733 | D:6      | Killed from afar by Jeremiah

Illustrated notes

Levels and vault maps discovered:
D:1:      roderic_octagonal_star, layout_basic, serial_glass, glass_columns_a,
          glass_columns_a, due_unseen_surprise, minmay_strange_pillars,
          feat_on_display, feat_on_display, grunt_decor_resistance
D:2:      layout_basic, serial_shops, shop
D:3:      layout_basic, lightli_temple_of_fire, uniq_jessica
D:4:      layout_rooms, mainiacjoe_overflow_tiny_flanked,
          minmay_temple_entry_large_hall, gup_sewer_entry_bowl,
          kennysheep_generic_room_4
D:5:      layout_gridville, jmf_multi_god_temple2
D:6:      layout_cave_pools, biasface_ghost_orc_armoury, uniq_jeremiah,
          uniq_sigmund, uniq_menkaure

Skill      XL: |  1  2  3  4  5  6  7  8 |
---------------+-------------------------+-----
Axes           | 3 4 5 6 8 9 10 12 | 12.3
Invocations    | 2 3 5 |  5.4
Fighting       | |  3.6
Armour         | |  3.6
Shields        | |  3.6

Action                     |  1- 3 |  4- 6 |  7- 9 || total
---------------------------+-------+-------+-------++-------
  Melee: War axe           |    97 |   105 |   136 ||   338
         Headbutt          |     8 |    12 |    20 ||    40
    Use: Scroll            |       |    10 |     1 ||    11
         Potion            |       |     1 |     4 ||     5
 Armour: Scale mail        |    48 |       |       ||    48
         Plate armour      |     2 |    78 |   104 ||   184
  Dodge: Dodged            |    30 |    13 |    27 ||    70
  Block: Buckler           |    19 |    13 |    41 ||    73
         Reflection        |       |       |     2 ||     2

Table legend: (Time is in decaauts)
 A = Elapsed time spent in this place.
 B = Non-inter-level travel time spent in this place.
 C = Inter-level travel time spent in this place.
 D = Time resting spent in this place.
 E = Time spent auto-exploring this place.
 F = Levels seen in this place.
 G = Mean time per level.
                   A        B        C        D        E       F      G
               +--------+--------+--------+--------+--------+-----+--------+
         Total |   4802 |   4598 |    204 |    460 |   2899 |   7 |  686.0 |
       Dungeon |   4709 |   4505 |    204 |    460 |   2899 |   6 |  784.8 |
         Sewer |     93 |     93 |      0 |      0 |      0 |   1 |   93.0 |
               +--------+--------+--------+--------+--------+-----+--------+

Top non-repeatable levels by time:
     D:1: 993 daAuts
     D:5: 819 daAuts
     D:2: 786 daAuts
     D:3: 747 daAuts
     D:6: 701 daAuts
     D:4: 661 daAuts
   Sewer: 93 daAuts
